 Dungeon Crawl Stone Soup version 0.27-a0-1513-g2aaa0cc67b (webtiles) character file.

Game seed: 15543639346424692645

318 porpoise the Skirmisher (level 6, -2/49 (52) HPs)
             Began as a Formicid Wanderer on July 10, 2021.
             Slain by a wight (12 damage)
             ... on level 3 of the Dungeon.
             The game lasted 00:12:04 (4388 turns).

porpoise the Skirmisher (Formicid Wanderer)         Turns: 4388, Time: 00:12:05

HP:   -2/49 (52)    AC:  6    Str: 17    XL:     6   Next: 74%
MP:   7/7           EV:  9    Int: 13    God:
Gold: 126           SH:  0    Dex: 10    Spells: 6/7 levels left

rFire    + . .     SeeInvis +   a - +2 quarterstaff
rCold    . . .     Faith    .   (no shield)
rNeg     . . .     Spirit   .   j - +0 scale mail {Will+}
rPois    .         Reflect  .   (helmet unavailable)
rElec    .         Harm     .   (no cloak)
rCorr    .         Rampage  .   (no gloves)
Will     +....                  (no boots)
Stlth    ..........             (no amulet)
HPRegen  0.16/turn              g - ring of protection from fire
MPRegen  0.10/turn              (no ring)

@: drained
A: permanent stasis, dig shafts and tunnels, antennae 3, four strong arms
a: Dig, Shaft Self


You were on level 3 of the Dungeon.
You visited 1 branch of the dungeon, and saw 4 of its levels.

You collected 126 gold pieces.

Inventory:

Hand Weapons
 a - a +2 quarterstaff (weapon)
 b - a +2 vorpal hunting sling
Missiles
 i - 49 stones
 l - 37 sling bullets
 o - 88 arrows
Armour
 j - a +0 scale mail of willpower (worn)
Jewellery
 g - a ring of protection from fire (left hand)
Scrolls
 c - a scroll of identify {unknown}
 e - 2 scrolls of teleportation {unknown}
 f - a scroll of immolation {unknown}
 m - a scroll of noise {unknown}
Potions
 d - a potion of lignification {unknown}
 h - a potion of berserk rage
 k - a potion of resistance {unknown}
 n - a potion of degeneration {unknown}
 p - 2 potions of curing {unknown}
 r - a potion of heal wounds {unknown}


   Skills:
 - Level 6.0 Fighting
 + Level 2.3 Staves
 - Level 1.0 Throwing
 + Level 2.6 Armour
 - Level 1.0 Dodging
 - Level 2.4 Stealth
 - Level 1.2 Shields
 - Level 1.1 Spellcasting
 - Level 1.7 Translocations


You had 6 spell levels left.
You knew the following spells:

 Your Spells              Type           Power      Damage    Failure   Level
a - Corona                Hex            0%         N/A       67%         1

Your spell library contained the following spells:

 Spells                   Type           Power      Damage    Failure   Level
 Sublimation of Blood     Necr           0%         N/A       80%         2
 Gell's Gravitas          Tloc           2%         N/A       80%         3
 Teleport Other           Tloc           5%         N/A       80%         3
 Inner Flame              Hex/Fire       0%         N/A       95%         3
 Petrify                  Tmut/Erth      0%         N/A       100%        4
 Irradiate                Conj/Tmut      0%         3d14      100%        5
 Dispersal                Tloc           2%         N/A       100%        6


Dungeon Overview and Level Annotations

Branches:
Dungeon (4/15)
 Temple: D:4-7

Altars:
Zin

Portals:
Sewer: D:4


Innate Abilities, Weirdness & Mutations

You cannot be hasted, slowed, berserked, paralysed or teleported.
You can dig through walls and to a lower floor.
You have a pair of large antennae on your head. (SInv)
Your four strong arms can wield two-handed weapons with a shield.


Message History

The wight is almost destroyed.
A wight comes into view. It is wielding a +3 falchion.
There is a stone staircase leading up here.
The wight closely misses you.
You climb upwards.
There is a stone staircase leading down here.
a - a +2 quarterstaff (weapon)
The wight hits you with a +3 short sword.
You feel drained.
You hit the wight.
You destroy the wight!
Your life force feels restored.
Training target 6.0 for Fighting reached!
Your Fighting skill increases to level 6!
Things that are here:
a +3 short sword; a +0 robe
There is a stone staircase leading down here.
You start resting.
HP restored.
You climb downwards.
You hear the sound of rushing water.
There is an entrance to a sewer on this level.
Hurry and find it before the portal rusts away!
You hear the slow rusting of a drain very nearby.
The wight hits you with a +3 battleaxe! The wight misses you.
There is a stone staircase leading up, spattered with blood here.
The wight closely misses you.
You climb upwards.
There is a stone staircase leading down here.
You hit the wight but do no damage. The wight hits you with a +3 battleaxe!
You feel drained.
* * * LOW HITPOINT WARNING * * *
You hit the wight.
The wight is moderately damaged.
The wight hits you with a +3 battleaxe.
* * * LOW HITPOINT WARNING * * *
You feel drained.
It was a potion of berserk rage.
Your stasis prevents you from going berserk.
The wight hits you with a +3 battleaxe!
You die...

PP♣≈♣≈≈PP......####.##......#.♣.♣
P≈≈♣♣≈PP...##### #.######..#.PP≈
♣♣≈≈PP.≈.### #.# #..#>♣≈P
♣≈≈PPP...## #.### ##...≈.≈
PPPP#.##..#########...## ##...≈♣
.P.<..###........####..# #.....
##....# ##.......# ##.## #.....
##....# #.......# #..# #.....
...#.## #......@### ##.## ######
####.# #.....z[..####..# ####.#
#.......#...###.# ##...#
#.......###.....# ...###
#.......# #####.# #### #)......#
### # ##.###### #.# #.#


You could see a wight.

Vanquished Creatures
  Sigmund (D:3)
  A wight (D:3)
  Robin (D:2)
  3 gnolls
  An adder (D:3)
  2 dart slugs
  4 bats (D:2)
  6 endoplasms
  2 giant cockroaches
  13 goblins
  8 hobgoblins
  5 jackals (D:1)
  6 kobolds
  A quokka (D:1)
  5 ball pythons
  4 frilled lizards
  6 rats
69 creatures vanquished.

Vanquished Creatures (others)
  21 plants (D:3)
  A withered plant (D:2)
22 creatures vanquished.

Grand Total: 91 creatures vanquished

Notes
Turn   | Place    | Note
-------+----------+-------------------------------------------
     0 | D:1      | porpoise the Formicid Wanderer began the quest for the Orb.
     0 | D:1      | porpoise set off with the following items: a +2
                  | quarterstaff, a +0 robe, a +0 dagger; and the following
                  | spell memorised: Corona; and the following spells available
                  | to memorise: Inner Flame
     0 | D:1      | Reached XP level 1. HP: 13/13 MP: 2/2
    41 | D:1      | Reached skill level 1 in Fighting
   198 | D:1      | Reached XP level 2. HP: 20/21 MP: 3/3
   523 | D:1      | Reached skill level 2 in Fighting
   844 | D:1      | Reached XP level 3. HP: 21/28 MP: 4/4
  1295 | D:1      | Reached skill level 3 in Fighting
  1689 | D:2      | Found a faded altar of an unknown god.
  1942 | D:2      | Reached XP level 4. HP: 15/37 MP: 5/5
  2392 | D:2      | Reached skill level 4 in Fighting
  3061 | D:3      | Identified the +0 helmet of Omission {Dex+4}
  3061 | D:3      | Noticed Robin
  3123 | D:2      | Killed Robin
  3126 | D:2      | Reached XP level 5. HP: 22/43 MP: 6/6
  3608 | D:3      | Found a glowing silver altar of Zin.
  3912 | D:3      | Reached skill level 5 in Fighting
  4116 | D:3      | Noticed Sigmund
  4125 | D:3      | Killed Sigmund
  4126 | D:3      | Reached XP level 6. HP: 30/52 MP: 7/7
  4331 | D:4      | Found a glowing drain.
  4349 | D:3      | Reached skill level 6 in Fighting
  4388 | D:3      | Slain by a wight

Illustrated notes

Levels and vault maps discovered:
D:1:      dpeg_arrival_tiny_h, layout_loops_corners
D:2:      layout_basic, ebering_ecumenical_altar_petrified
D:3:      layout_rooms, general_overflow_altar, serial_bayou,
          serial_bayou_shore_b, serial_bayou_shore_b, serial_bayou_lagoon_a,
          serial_bayou_pond_e, nicolae_underground_beach, uniq_robin,
          uniq_sigmund
D:4:      layout_cave_pools, mainiacjoe_overflow_concentric_impassable,
          cheibrodos_sewer_entry_drain, uniq_grinder

Skill      XL: |  1  2  3  4  5  6 |
---------------+-------------------+-----
Fighting       | 1 2 3 4 5 6 |  6.0
Armour         | 2 |  2.6
Staves         | |  2.3
Throwing       | |  1.0
Dodging        | |  1.0
Stealth        | |  2.4
Shields        | |  1.2
Spellcasting   | |  1.1
Translocations | |  1.7

Action                   |  1- 3 |  4- 6 || total
-------------------------+-------+-------++-------
Melee: Quarterstaff      |    72 |    69 ||   141
       Halberd           |       |     5 ||     5
 Fire: Hunting sling     |       |    50 ||    50
  Use: Potion            |       |     1 ||     1
 Stab: Sleeping          |     4 |     1 ||     5
Armor: Robe              |     5 |       ||     5
       Leather armour    |    12 |    14 ||    26
       Scale mail        |       |     7 ||     7
Dodge: Dodged            |    37 |    53 ||    90

Table legend: (Time is in decaauts)
 A = Elapsed time spent in this place.
 B = Non-inter-level travel time spent in this place.
 C = Inter-level travel time spent in this place.
 D = Time resting spent in this place.
 E = Time spent auto-exploring this place.
 F = Levels seen in this place.
 G = Mean time per level.
                   A        B        C        D        E       F      G
               +--------+--------+--------+--------+--------+-----+--------+
         Total |   4433 |   4274 |    159 |   1835 |   1624 |   4 | 1108.2 |
       Dungeon |   4433 |   4274 |    159 |   1835 |   1624 |   4 | 1108.2 |
               +--------+--------+--------+--------+--------+-----+--------+

Top non-repeatable levels by time:
     D:2: 1677 daAuts
     D:1: 1664 daAuts
     D:3: 1070 daAuts
     D:4: 20 daAuts
